 Dungeon Crawl Stone Soup version 0.32-a0-886-g41c5271027 (webtiles) character file.

Game seed: 9517265758451377199

6796 spaghetti the Basher (level 11, 0/100 HPs)
             Began as an Oni Chaos Knight on Apr 2, 2024.
             Was a Plaything of Xom.
             Slain by a vampire mosquito (7 damage)
             ... on level 10 of the Dungeon on Apr 3, 2024.
             The game lasted 00:17:37 (10282 turns).

spaghetti the Basher (Oni Chaos Knight)            Turns: 10282, Time: 00:17:38

Health: 0/100      AC: 11    Str: 23    XL:     11   Next: 5%
Magic:  3/17       EV:  8    Int: 21    God:    Xom [..*...]
Gold:   317        SH:  0    Dex:  7    Spells: 14/18 levels left

rFire   + . .        b - +1 giant spiked club (venom)
rCold   . . .        (shield currently unavailable)
rNeg    . . .        s - +2 robe
rPois   +            (helmet restricted)
rElec   .            l - +1 cloak
rCorr   .            (gloves unavailable)
SInv    .            (boots unavailable)
Will    +....        u - amulet of the acrobat
Stlth   +            i - +4 ring of protection
HPRegen 0.36/turn    n - +6 ring of strength
MPRegen 0.15/turn

%: acrobat
@: no status effects
A: large, unfitting armour, horns 1, tough skin 1, double potion healing,
drunken brawling, clever 1, fire resistance 1, sense surroundings 1, poison
resistance, wild magic 2, evolution 1
a: Renounce Religion


You were on level 10 of the Dungeon.
You worshipped Xom.
You were a toy of Xom.
You visited 1 branch of the dungeon, and saw 10 of its levels.
You also visited: Ossuary.

You collected 564 gold pieces.
You spent 247 gold pieces at shops.

Inventory:

Hand Weapons
 b - a +1 giant spiked club of venom (weapon)
 f - the +12 hand axe of Rotten Cruel Justice {antimagic, Str+3 Stlth+}
   (You took it off an orc on level 7 of the Dungeon)

   Str+3:     It affects your strength (+3).
   Stlth+:    It makes you more stealthy.
 k - a +4 mace
Armour
 l - a +1 cloak (worn)
 s - a +2 robe (worn)
Magical Staves
 a - the staff of Sharkskin {+Blink rC+ Summ Ice Earth}
   (You took it off an orc wizard on level 7 of the Dungeon)

   [staff of earth]

   Base accuracy: +5 Base damage: 5 Base attack delay: 1.2 This weapon's minimum
   attack delay (0.6) is reached at skill level 12.
   rC+:       It protects you from cold.
   +Blink:    It lets you blink.
   Summ:      It increases the power of your Summonings spells.
   Ice:       It increases the power of your Ice spells.
   Earth:     It increases the power of your Earth spells.
   It falls into the 'Staves' category.
   It is a one-handed weapon.
Jewellery
 g - an amulet of magic regeneration
 i - a +4 ring of protection (left hand)
 n - a +6 ring of strength (right hand)
 o - a ring of fire
 p - a ring of willpower
 u - an amulet of the acrobat (around neck)
Talismans
 t - a granite talisman
Wands
 c - a wand of flame (8)
 r - a wand of mindburst (18)
 w - a wand of digging (6)
Scrolls
 d - 4 scrolls of vulnerability
 h - 4 scrolls of noise
 j - a scroll of identify
 v - 3 scrolls of amnesia
Potions
 e - 3 potions of magic
 q - a potion of might


   Skills:
 - Level 4.0 Fighting
 + Level 12.8 Maces & Flails
 - Level 2.1 Dodging
 - Level 4.1 Spellcasting
 - Level 5.0 Summonings
 - Level 5.0 Earth Magic
 - Level 5.0 Evocations


You had 14 spell levels left.
You knew the following spells:

 Your Spells              Type           Power      Damage    Failure   Level
a - Animate Armour        Summ/Erth      80%        N/A       30%         4

Your spell library contained the following spells:

 Spells                   Type           Power      Damage    Failure   Level
 Stone Arrow              Conj/Erth      46%        3d9       26%         3
 Dazzling Flash           Conj/Hex       12%        N/A       52%         3
 Starburst                Conj/Fire      3%         6d3       100%        6
 Lehudib's Crystal Spear  Conj/Erth      11%        10d4      100%        8
 Maxwell's Capacitive Co  Air            3%         ∞         100%        8


Dungeon Overview and Level Annotations

Branches:
Dungeon (10/15)            Temple (0/1) D:4            Lair (0/5) D:8
Ossuary (visited)
    Orc: D:9-12

Altars:
Dithmenos
Hepliaklqana
Makhleb
Nemelex Xobeh
Uskayaw
Vehumet

Shops:
D:6 !?(*(   D:7 *   D:10 =

Annotations:
D:7 2 runed translucent doors, dcgchant's ghost, novice GnIE


Innate Abilities, Weirdness & Mutations

You are too large for most types of armour.
You have a pair of small horns on your head.
You have tough skin. (AC +1)
You gain doubled healing and magic from potions.
Whenever you drink a healing potion, you attack all around you.
Your mind is acute. (Int +4, Str/Dex -1)
Your flesh is heat resistant. (rF+)
You passively map a small area around you.
Your system is resistant to poisons. (rPois)
Your spells are harder to cast, but more powerful.
You have hidden genetic potential.


Message History

You take a swig of the potion and twirl your +1 giant spiked club of venom.
You bludgeon the vampire mosquito!!
You destroy the vampire mosquito!
You hit the vampire mosquito.
The vampire mosquito is moderately damaged.
You savour every drop.
You feel better. The vampire mosquito barely misses you.
The vampire mosquito bites you!
* * * LOW HITPOINT WARNING * * *
The vampire mosquito draws strength from your injuries!
You closely miss the vampire mosquito.
The vampire mosquito is moderately damaged.
The vampire mosquito bites you but does no damage. x2
You puncture the vampire mosquito! You headbutt the vampire mosquito.
The vampire mosquito is severely damaged.
The vampire mosquito bites you.
* * * LOW HITPOINT WARNING * * *
The vampire mosquito draws strength from your injuries!
The vampire mosquito barely misses you.
You miss the vampire mosquito.
The vampire mosquito is heavily damaged.
The vampire mosquito bites you but does no damage.
Your animated robe hits the vampire mosquito.
Your animated robe closely misses the vampire mosquito.
The vampire mosquito bites you.
* * * LOW HITPOINT WARNING * * *
The vampire mosquito draws strength from your injuries!
Your animated robe hits the vampire mosquito. x2
Unknown command.
Unknown command.
You closely miss the vampire mosquito.
The vampire mosquito is almost destroyed.
The vampire mosquito bites you!
* * * LOW HITPOINT WARNING * * *
The vampire mosquito draws strength from your injuries!
The vampire mosquito bites you but does no damage.
Your animated robe completely misses the vampire mosquito.
Your animated robe hits the vampire mosquito.
The vampire mosquito bites you!
You die... "Boring in life, boring in death..."

.## , ,~ , ## ##### ... ,
# #.).# , .... # #...# *
##.... #...# , .....∩
####...### #......
##........#* .....#
########..####..†###.....#
, .........## #..@y...#
########## ###[##### ,,
#.# , #.# * * #.# , #.# *
, * #.# * #.# , *


You could see a vampire mosquito (ally target) and a friendly animated robe
(summoned).

Vanquished Creatures
  Joseph (D:8)
  An elephant (D:8)
  A gargoyle (D:7)
  Jeremiah (D:7)
  A komodo dragon (D:8)
  4 yaks
  2 wyverns
  3 vampire mosquitoes (D:10)
  3 orc warriors
  2 water moccasins
  2 ice beasts (D:7)
  3 black bears
  3 ogres
  A centaur (D:5)
  2 phantoms
  An elf zombie (Ossuary)
  A weeping skull (Ossuary)
  4 bullfrogs
  A kobold brigand (D:9)
  5 scorpions
  10 wights
  5 nameless horrors
  3 howler monkeys
  A centaur zombie (Ossuary)
  4 hounds
  2 bombardier beetles
  A gnoll bouda (D:4)
  3 jellies
  3 orc priests
  3 human zombies (Ossuary)
  A sleepcap (D:4)
  Jessica (D:2)
  Natasha (thrice) (D:2)
  4 iguanas
  4 orc wizards
  A crocodile zombie (Ossuary)
  3 hound zombies (Ossuary)
  3 mummies (Ossuary)
  4 gnolls (D:4)
  7 adders
  2 shadow imps
  An ufetubus (D:7)
  6 adder zombies (Ossuary)
  A ribbon worm (D:2)
  3 dart slugs
  35 orcs
  9 ball pythons
  6 bats
  6 endoplasms
  7 giant cockroaches
  19 goblins
  4 hobgoblins
  6 jackals (D:3)
  16 kobolds
  5 quokkas
  2 ball python zombies (Ossuary)
  A frilled lizard (D:3)
  6 jackal zombies (Ossuary)
  4 kobold zombies (Ossuary)
  An orc zombie (Ossuary)
  7 rats
  A spectral kobold (D:6)
256 creatures vanquished.

Vanquished Creatures (collateral kills)
  A bullfrog (D:9)
  A wight (D:8)
  3 killer bees (D:7)
  2 orcs
7 creatures vanquished.

Vanquished Creatures (others)
  Grinder (D:5)
1 creature vanquished.

Grand Total: 264 creatures vanquished

Notes
Turn   | Place    | Note
-------+----------+-------------------------------------------
     0 | D:1      | spaghetti the Oni Chaos Knight began the quest for the Orb.
     0 | D:1      | Reached XP level 1. HP: 24/24 MP: 1/1
   199 | D:1      | Reached XP level 2. HP: 29/32 MP: 2/2
   270 | D:1      | Reached skill level 4 in Maces & Flails
   392 | D:1      | Reached XP level 3. HP: 39/39 MP: 3/3
   678 | D:2      | Noticed Natasha
   685 | D:2      | Killed Natasha
   689 | D:2      | Reached XP level 4. HP: 32/48 MP: 4/4
   708 | D:2      | Noticed Natasha
   711 | D:2      | Reached skill level 5 in Maces & Flails
   713 | D:2      | Killed Natasha
   749 | D:2      | Noticed Natasha
   753 | D:2      | Killed Natasha
   754 | D:2      | Reached XP level 5. HP: 26/54 MP: 5/5
  1168 | D:2      | XOM: silly message
  1209 | D:2      | Noticed Jessica
  1215 | D:2      | Killed Jessica
  1333 | D:2      | Reached skill level 6 in Maces & Flails
  1727 | D:3      | Reached XP level 6. HP: 62/62 MP: 6/6
  2093 | D:3      | XOM: god gift: glowing brown potion {god gift}
  2200 | D:3      | XOM: stat loss: -1 Str (16/17)
  2231 | D:4      | Found a staircase to the Ecumenical Temple.
  2305 | D:4      | XOM: god gift: wand of iceblast (5)
  2314 | D:4      | Reached skill level 7 in Maces & Flails
  2553 | D:4      | Reached skill level 1 in Spellcasting
  2650 | D:4      | Reached skill level 1 in Evocations
  2650 | D:4      | Reached XP level 7. HP: 69/70 MP: 7/9
  2804 | D:4      | You fall into a shaft and drop 3 floors!
  2837 | D:7      | XOM: 1-stop teleportation journey
  2874 | D:7      | XOM: cast spell 'Discord'
  2889 | D:7      | Found Vecvuosi's Island Escapes.
  2893 | D:6      | XOM: fog
  3054 | D:6      | Found a sand-covered staircase.
  3059 | Ossuary  | Entered an ossuary
  3065 | Ossuary  | Learned a level 4 spell: Animate Armour
  3073 | Ossuary  | XOM: summons friendly shadow imp
  3095 | Ossuary  | XOM: cleaving
  3114 | Ossuary  | Reached XP level 8. HP: 64/78 MP: 12/12
  3187 | Ossuary  | Reached skill level 1 in Summonings
  3187 | Ossuary  | Reached skill level 1 in Earth Magic
  3262 | Ossuary  | Reached skill level 8 in Maces & Flails
  3473 | D:6      | Found Leuhaja's Distillery.
  3474 | D:6      | XOM: divination: detect items
  3482 | D:6      | Bought a potion of berserk rage for 55 gold pieces
  3482 | D:6      | Bought a potion of invisibility for 88 gold pieces
  3528 | D:6      | Found a hazy altar of Hepliaklqana.
  3581 | D:6      | Found Vior's Magic Scroll Shoppe.
  3589 | D:6      | Bought a scroll of brand weapon for 104 gold pieces
  3603 | D:6      | XOM: give mutations
  3603 | D:6      | Gained mutation: You are strong-willed. (Will+) [Xom's
                  | mischief]
  3603 | D:6      | Gained mutation: You are highly strong-willed. (Will++)
                  | [Xom's mischief]
  3610 | D:6      | Found Warerr's Antique Weapon Boutique.
  3682 | D:6      | Found Beimn's General Store.
  3718 | D:6      | XOM: chaos upgrade
  3741 | D:6      | XOM: scenery: summon butterflies
  3746 | D:6      | XOM: give mutations
  3746 | D:6      | Gained mutation: You are frail. (-10% HP) [Xom's mischief]
  3746 | D:6      | Gained mutation: Your flesh is heat resistant. (rF+) [Xom's
                  | mischief]
  3746 | D:6      | Lost mutation: Your flesh is heat resistant. (rF+) [Xom's
                  | mischief]
  3898 | D:6      | Found Xilasch's Weapon Shoppe.
  3975 | D:6      | XOM: stat loss: -1 Int (14/15)
  4017 | D:6      | XOM: scenery: 2 doors open
  4113 | D:5      | Entered Level 5 of the Dungeon
  4231 | D:5      | XOM: god gift: granite talisman
  4286 | D:5      | XOM: 2-stop teleportation journey
  4287 | D:5      | Noticed Grinder
  4289 | D:5      | Killed Grinder
  4289 | D:5      | XOM: divine lightning
  4383 | D:5      | Reached skill level 9 in Maces & Flails
  4559 | D:4      | XOM: give mutation
  4559 | D:4      | Gained mutation: Your body sometimes deteriorates upon
                  | taking damage. [Xom's mischief]
  4704 | D:4      | Lost mutation: Your body sometimes deteriorates upon taking
                  | damage. [potion of mutation]
  4704 | D:4      | Lost mutation: You are frail. (-10% HP) [potion of
                  | mutation]
  4704 | D:4      | Lost mutation: You are highly strong-willed. (Will++)
                  | [potion of mutation]
  4704 | D:4      | Lost mutation: You are strong-willed. (Will+) [potion of
                  | mutation]
  4704 | D:4      | Gained mutation: Your system is resistant to poisons.
                  | (rPois) [potion of mutation]
  4746 | D:5      | Reached XP level 9. HP: 84/84 MP: 15/15
  4816 | D:5      | XOM: stat loss: -1 Dex (7/8)
  4855 | D:5      | XOM: summons 9 friendly demons
  5077 | D:7      | XOM: repel stairs
  5094 | D:7      | XOM: 2-stop teleportation journey
  5104 | D:7      | XOM: fog
  5135 | D:7      | Noticed a nameless horror
  5137 | D:7      | Killed a nameless horror
  5139 | D:7      | XOM: noise
  5226 | D:7      | Identified the staff of Sharkskin {+Blink rC+ Summ Ice
                  | Earth}
  5391 | D:7      | Noticed a nameless horror
  5393 | D:7      | Killed a nameless horror
  5397 | D:7      | Reached skill level 5 in Evocations
  5496 | D:7      | XOM: divination: detect items
  5828 | D:7      | Found a hide-covered altar of Uskayaw.
  5918 | D:7      | XOM: stat loss: -1 Int (16/17)
  5948 | D:7      | XOM: 1-stop teleportation journey
  5974 | D:7      | XOM: silly message
  5988 | D:7      | XOM: torment (38/84 hp)
  6069 | D:7      | XOM: stat loss: -1 Dex (7/8)
  6246 | D:7      | Found a large runed translucent door.
  6246 | D:7      | Found a large runed translucent door.
  6247 | D:7      | Noticed dcgchant's ghost (novice GnIE)
  6336 | D:7      | Found a radiant altar of Vehumet.
  6348 | D:7      | Found a burning altar of Makhleb.
  6386 | D:7      | Found a sparkling altar of Nemelex Xobeh.
  6404 | D:7      | Noticed Jeremiah
  6411 | D:7      | XOM: destruction
  6419 | D:7      | XOM: summons friendly quasit
  6430 | D:7      | Killed Jeremiah
  6431 | D:7      | Reached XP level 10. HP: 43/84 MP: 16/16
  6789 | D:7      | Noticed a gargoyle
  6803 | D:7      | Reached skill level 5 in Summonings
  6803 | D:7      | Reached skill level 5 in Earth Magic
  6838 | D:7      | Killed a gargoyle
  6839 | D:7      | Reached skill level 10 in Maces & Flails
  6852 | D:7      | XOM: summons 4 hostile shadow creatures
  6878 | D:7      | XOM: divine lightning
  6916 | D:7      | XOM: god gift: scroll of teleportation
  6955 | D:7      | XOM: give mutations
  6955 | D:7      | Gained mutation: Your spells are a little harder to cast,
                  | but a little more powerful. [Xom's grace]
  6955 | D:7      | Gained mutation: Your flesh is heat resistant. (rF+) [Xom's
                  | grace]
  6955 | D:7      | Gained mutation: You passively map a small area around you.
                  | [Xom's grace]
  6955 | D:7      | Gained mutation: Your mind is acute. (Int +4, Str/Dex -1)
                  | [Xom's grace]
  7011 | D:7      | XOM: scenery: summon butterflies
  7166 | D:8      | XOM: butterfly on damage
  7166 | D:8      | HP: 4/89 [bullfrog (7)]
  7929 | D:8      | Identified the +12 hand axe of Rotten Cruel Justice
                  | {antimagic, Str+3 Stlth+}
  8004 | D:7      | XOM: give mutations
  8004 | D:7      | Gained mutation: Your spells are harder to cast, but more
                  | powerful. [Xom's grace]
  8004 | D:7      | Gained mutation: You have hidden genetic potential. [Xom's
                  | grace]
  8193 | D:7      | XOM: cloud trail
  8199 | D:7      | XOM: confuse monster(s)
  8296 | D:8      | Reached skill level 11 in Maces & Flails
  8317 | D:8      | Noticed Joseph
  8911 | D:8      | Found a shadowy altar of Dithmenos.
  8955 | D:8      | XOM: cast spell 'Summon Mana Viper'
  9210 | D:8      | Killed Joseph
  9635 | D:8      | Found a staircase to the Lair.
  9635 | D:8      | Noticed an elephant
  9641 | D:8      | Killed an elephant
  9642 | D:8      | Reached skill level 12 in Maces & Flails
  9893 | D:9      | XOM: blink monster(s)
  9953 | D:9      | XOM: scenery: 1 doors open, 1 doors close
  9954 | D:9      | Noticed a nameless horror
  9956 | D:9      | XOM: fog
  9963 | D:10     | Entered Level 10 of the Dungeon
  9967 | D:10     | Killed a nameless horror
 10099 | D:10     | XOM: potion effect (haste)
 10152 | D:10     | XOM: silly message
 10256 | D:10     | Found Votafuan's Jewellery Emporium.
 10265 | D:10     | Reached XP level 11. HP: 71/100 MP: 4/17
 10282 | D:10     | Slain by a vampire mosquito

Illustrated notes

Levels and vault maps discovered:
D:1:      dpeg_arrival_pits, layout_loops_ring
D:2:      minmay_chambers_of_ones, layout_loops_cross, uniq_jessica,
          uniq_natasha
D:3:      layout_loops_ring
D:4:      layout_loops_ring, minmay_temple_entry_mist
D:5:      layout_rooms, uniq_grinder
D:6:      layout_rooms, nicolae_hepliaklqana_monster_ancestors, serial_shops,
          nicolae_shop_industrial_runoff, shop, shop,
          nicolae_shop_advertising_works [nicolae_subvault_shop_adworks],
          nicolae_shop_back_alley_shop, nicolae_ossuary_entry_false_entrances
D:7:      kennysheep_windowed_halls, layout_loops_ring,
          nicolae_overflow_quartered_altars, ebering_ghost_disaster_area,
          enter_bailey_3, nicolae_island_escapes, uniq_jeremiah
D:8:      layout_cave_pools, grunt_dithmenos_shadows,
          grunt_lair_entry_orc_guard_hut, uniq_joseph
D:9:      layout_roguey, lemuel_tele_altar
D:10:     layout_basic, serial_shops, shop, shop, nicolae_shop_hallway_stairs,
          nicolae_shop_tiny_glass, shop, serial_curves, eino_curves_03,
          eino_curves_01

Skill      XL: |  1  2  3  4  5  6  7  8  9 10 |
---------------+-------------------------------+-----
Maces & Flails | 4 5 6 7 9 12 | 12.8
Spellcasting   | 1 3 4 |  4.1
Evocations     | 1 2 3 5 |  5.0
Summonings     | 2 4 5 |  5.0
Earth Magic    | 2 4 5 |  5.0
Fighting       | |  4.0
Dodging        | |  2.1

Action                     |  1- 3 |  4- 6 |  7- 9 | 10-12 || total
---------------------------+-------+-------+-------+-------++-------
  Melee: Mace              |    64 |   185 |   155 |     3 ||   407
         Headbutt          |     6 |    28 |    45 |    35 ||   114
         Giant spiked club |       |       |   169 |   187 ||   356
         Hand axe          |       |       |       |    23 ||    23
   Cast: Animate Armour    |       |       |     2 |    21 ||    23
  Evoke: Wand              |       |       |     7 |    12 ||    19
    Use: Potion            |     2 |     2 |     6 |     7 ||    17
         Scroll            |       |     6 |    11 |     2 ||    19
   Stab: Distracted        |       |       |     1 |       ||     1
         Confused          |       |       |     1 |       ||     1
         Paralysed         |       |       |     1 |       ||     1
         Petrifying        |       |       |     2 |       ||     2
         Petrified         |       |       |     2 |       ||     2
 Armour: Robe              |    64 |   114 |   329 |   356 ||   863
         Skin              |       |       |     4 |       ||     4
  Dodge: Dodged            |    51 |    76 |   190 |   181 ||   498

Table legend: (Time is in decaauts)
 A = Elapsed time spent in this place.
 B = Non-inter-level travel time spent in this place.
 C = Inter-level travel time spent in this place.
 D = Time resting spent in this place.
 E = Time spent auto-exploring this place.
 F = Levels seen in this place.
 G = Mean time per level.
                   A        B        C        D        E       F      G
               +--------+--------+--------+--------+--------+-----+--------+
         Total |  10367 |   9990 |    377 |   2537 |   5583 |  11 |  942.5 |
       Dungeon |   9972 |   9595 |    377 |   2468 |   5439 |  10 |  997.2 |
       Ossuary |    394 |    394 |      0 |     69 |    144 |   1 |  394.0 |
               +--------+--------+--------+--------+--------+-----+--------+

Top non-repeatable levels by time:
     D:7: 3265 daAuts
     D:8: 1244 daAuts
     D:2: 871 daAuts
     D:6: 869 daAuts
     D:4: 855 daAuts
     D:3: 721 daAuts
     D:1: 690 daAuts
     D:5: 631 daAuts
     D:9: 512 daAuts
 Ossuary: 394 daAuts
    D:10: 310 daAuts
